AoeStats
← Corsican Pirate

Black Forest

509242174Analyzed
4v4 RM · 8d ago on Sep 26, 2026· 41m 9s· 8 players
Game mode
Random Map
Map size
Large (8 player)
Population
200
Speed
Normal
Resources
Standard
Victory
Conquest
Starting age
Dark Age
Ending age
Imperial Age
RankedLock teamsTeams togetherTeam positionsShared explorationLock speedFull tech treeHidden civsTurbo modeCheats
Victory
Defeat
🇲🇽 Danes · Mexico
1295
+14
🇲🇽 Varangians · Mexico
1287
+14
🇲🇽 Saxons · Mexico
1271
+15
🇨🇳 Persians · China
1257
+17
🇨🇱 Dravidians · Chile
1271
-16
🇦🇷 Hindustanis · Argentina
1256
-15
🇦🇷 Muisca · Argentina
1250
-15
🇦🇷 Khmer · Argentina
1230
-14
Aldeano sin Telar
10:48 Feudal Age
11:01 Loom
11:31 Double-Bit Axe
12:30 Horse Collar
18:21 Castle Age
17:52 Fletching
18:14 Padded Archer Armor
19:12 Thumb Ring
20:23 Ballistics
20:35 Bodkin Arrow
22:24 Town Watch
29:33 Bow Saw
30:52 Heavy Plow
31:35 Wheelbarrow
31:01 Heavy Plow
32:16 Scale Barding Armor
32:47 Bloodlines
33:28 Forging
34:22 Gold Mining
34:43 Husbandry
35:19 Husbandry
34:40 Light Cavalry
36:30 Chain Barding Armor
36:47 Hand Cart
37:31 Chain Barding Armor
39:03 Stone Mining
39:50 Gold Shaft Mining
39:27 Masonry
NPG | Kenji
0:33 Loom
11:30 Feudal Age
11:46 Man-at-Arms
14:18 Gold Mining
15:08 Double-Bit Axe
18:51 Horse Collar
38:56 Castle Age
37:37 Stone Mining
37:53 Fletching
38:04 Padded Archer Armor
39:28 Elite Skirmisher
Queso Ruso
11:11 Feudal Age
14:10 Castle Age
13:06 Double-Bit Axe
13:05 Horse Collar
15:18 Bow Saw
20:54 Stone Mining
22:45 Loom
24:56 Bloodlines
25:31 Scale Barding Armor
25:37 Forging
26:49 Chain Barding Armor
27:52 Iron Casting
30:05 Wheelbarrow
29:15 Town Watch
33:11 Imperial Age
33:16 Coinage
32:59 Husbandry
33:17 Fletching
34:15 Conscription
33:21 Cavalier
35:13 Plate Barding Armor
36:14 Blast Furnace
36:55 Chemistry
37:19 Hand Cart
37:05 Town Patrol
37:26 Bodkin Arrow
38:50 Heavy Plow
39:40 Town Patrol
Bk.Casa
11:19 Feudal Age
12:53 Double-Bit Axe
15:22 Castle Age
13:10 Loom
14:35 Town Watch
14:38 Horse Collar
16:20 Heavy Plow
17:43 Loom
19:51 Bow Saw
23:26 Wheelbarrow
26:01 Fletching
26:54 Bodkin Arrow
28:38 Ballistics
31:06 Gold Mining
31:30 Padded Archer Armor
34:49 Imperial Age
32:41 Scale Mail Armor
34:13 Forging
34:48 Chain Mail Armor
35:46 Gold Shaft Mining
36:06 Hand Cart
35:42 Elite Temple Guard
36:23 Squires
36:53 Conscription
37:45 Plate Mail Armor
38:54 Chemistry
38:24 Bracer
39:36 Iron Casting
39:22 Leather Archer Armor
Gúthwinë
9:32 Feudal Age
11:04 Man-at-Arms
17:11 Double-Bit Axe
17:08 Horse Collar
17:34 Fletching
19:04 Padded Archer Armor
24:57 Castle Age
27:00 Gold Mining
27:52 Loom
30:48 Bow Saw
33:33 Wheelbarrow
33:42 Scale Mail Armor
33:56 Forging
35:26 Iron Casting
35:01 Husbandry
36:17 Bloodlines
36:19 Scale Barding Armor
40:04 Imperial Age
38:33 Chain Barding Armor
39:25 Hand Cart
39:32 Hand Cart
40:35 Stone Mining
Glamdring
5:11 Loom
11:32 Feudal Age
15:55 Castle Age
13:56 Double-Bit Axe
14:28 Horse Collar
15:38 Scale Mail Armor
16:57 Bow Saw
17:36 Forging
20:16 Chain Mail Armor
22:31 Iron Casting
22:41 Arson
22:53 Gambesons
26:14 Squires
31:29 Fletching
38:55 Imperial Age
38:41 Gold Mining
38:42 Stone Mining
39:30 Wheelbarrow
39:32 Husbandry
39:43 Bloodlines
40:22 Scale Barding Armor
39:41 Cavalier
41:48 Chain Barding Armor
Corsican Pirate
0:27 Loom
12:25 Feudal Age
18:33 Castle Age
16:37 Double-Bit Axe
18:33 Horse Collar
18:57 Scale Mail Armor
21:04 Gambesons
23:26 Wheelbarrow
22:54 Arson
24:27 Squires
24:47 Forging
27:35 Chain Mail Armor
28:42 Pikeman
29:40 Hand Cart
29:38 Bow Saw
30:34 Iron Casting
33:29 Gold Mining
34:09 Man-at-Arms
36:10 Heavy Plow
36:46 Long Swordsman
42:59 Imperial Age
_OMO_
5:02 Loom
12:20 Feudal Age
13:00 Double-Bit Axe
14:18 Town Watch
14:20 Horse Collar
14:57 Scale Barding Armor
17:00 Castle Age
16:14 Bloodlines
21:27 Chain Barding Armor
22:52 Bow Saw
25:16 Wheelbarrow
24:47 Gold Mining
25:54 Heavy Plow
26:16 Forging
30:33 Hand Cart
34:56 Imperial Age
33:22 Iron Casting
32:43 Fletching
32:54 Padded Archer Armor
34:10 Gold Shaft Mining
33:26 Stone Mining
34:36 Cavalier
34:49 Capped Ram
36:32 Chemistry
36:33 Two-Man Saw
36:41 Thumb Ring
36:32 Bodkin Arrow
36:53 Leather Archer Armor
37:15 Squires
38:54 Ring Archer Armor
38:46 Ballistics
40:54 Crop Rotation
Connection lost

Rejoining the realm…

Still unreachable

The connection could not be restored.

Session expired

The server has moved on; the page needs a fresh start.